 Dungeon Crawl Stone Soup version 0.30-a0-953-g5f1da4a474 (webtiles) character file.

Game seed: 8982408578669306268

5835 Pooter the Cleaver (level 10, 0/88 HPs)
             Began as a Minotaur Fighter on Mar 29, 2023.
             Was a Believer of Makhleb.
             Slain by a troll (13 damage)
             ... on level 9 of the Dungeon.
             The game lasted 00:41:25 (8720 turns).

Pooter the Cleaver (Minotaur Fighter)               Turns: 8720, Time: 00:41:25

Health: 0/88       AC: 17    Str: 22    XL:     10   Next: 51%
Magic:  12/12      EV:  6    Int:  7    God:    Makhleb [**....]
Gold:   198        SH:  0    Dex: 11    Spells: 8/9 levels left

rFire   . . .      SeeInvis +    a - +0 war axe
rCold   . . .      Faith    .    (no shield)
rNeg    . . .      Spirit   .    c - +0 plate armour
rPois   .          Reflect  .    (helmet restricted)
rElec   .          Rampage  .    p - +0 cloak
rCorr   .                        E - +1 pair of gloves
Will    +....                    g - +0 pair of boots Stlth
                                 (no amulet)
HPRegen 0.34/turn                K - ring of willpower
MPRegen 0.13/turn                S - ring of see invisible

@: about to teleport, on berserk cooldown, slowed, very slow
A: horns 2, retaliatory headbutt
a: Renounce Religion, Minor Destruction


You were on level 9 of the Dungeon.
You worshipped Makhleb.
Makhleb was pleased with you.
You visited 2 branches of the dungeon, and saw 10 of its levels.

You collected 363 gold pieces.
You spent 165 gold pieces at shops.

Inventory:

Hand Weapons
 a - a +0 war axe (weapon)
 b - a +1 arbalest of flaming
   (You took it off an orc warrior on level 8 of the Dungeon)
 x - a +3 flail of draining
   (You took it off Edmund on level 5 of the Dungeon)
 z - the +6 rapier of Causality {pain, *Noise rElec rN+ Str+3}
   (You found it on level 5 of the Dungeon)

   Str:       It affects your strength (+3).
   rElec:     It insulates you from electricity.
   rN:        It protects you from negative energy.
   *Noise:    It may make noises in combat.
Missiles
 d - 30 poisoned darts (quivered)
 i - 5 datura-tipped darts
 r - 2 boomerangs
 L - 4 atropa-tipped darts
 Q - 48 stones
Armour
 c - a +0 plate armour (worn)
   (You took it off an orc warrior on level 8 of the Dungeon)
 g - a +0 pair of boots (worn)
   (You found it on level 1 of the Dungeon)
 p - a +0 cloak (worn)
   (You found it on level 3 of the Dungeon)
 E - a +1 pair of gloves (worn)
   (You found it on level 5 of the Dungeon)
 G - the +1 plate armour of the Moneychanger {rF+ Str+6 Int-4 Dex-2}
   (You found it on level 6 of the Dungeon)

   Str:       It affects your strength (+6).
   Int:       It affects your intelligence (-4).
   Dex:       It affects your dexterity (-2).
   rF:        It protects you from fire.
Jewellery
 j - a ring of flight
   (You found it on level 1 of the Dungeon)
 K - a ring of willpower (left hand)
   (You took it off a wight on level 8 of the Dungeon)
 S - a ring of see invisible (right hand)
   (You bought it in a shop on level 4 of the Dungeon)
 W - a ring of wizardry
   (You found it on level 1 of the Dungeon)
Wands
 D - a wand of digging (6)
   (You found it on level 2 of the Dungeon)
Scrolls
 h - a scroll of noise {!r}
 n - 4 scrolls of fear
 t - 6 scrolls of teleportation {@r4}
Potions
 e - 4 potions of lignification {!q}
 f - 2 potions of curing {@q1}
 k - 2 potions of cancellation {unknown}
 m - a potion of haste {unknown}
 q - 2 potions of flight
 u - a potion of berserk rage
 w - a potion of magic {unknown}
 B - 2 potions of attraction {unknown}
 H - a potion of degeneration {unknown}
 J - 2 potions of brilliance


   Skills:
 + Level 8.1 Fighting
 * Level 10.6 Axes
 * Level 7.5 Ranged Weapons
 - Level 5.6 Armour
 - Level 5.5 Shields
 + Level 3.0 Translocations
 - Level 0.3 Transmutations
 + Level 4.7 Invocations
 + Level 4.1 Evocations


You had 8 spell levels left.
You knew the following spells:

 Your Spells              Type           Power      Damage    Failure   Level
c - Apportation           Tloc           8%         N/A       95%         1

Your spell library contained the following spells:

 Spells                   Type           Power      Damage    Failure   Level
 Beastly Appendage        Tmut           0%         N/A       100%        1
 Necrotise                Necr           0%         1d4       100%        1
 Summon Small Mammal      Summ           0%         N/A       100%        1
 Ensorcelled Hibernation  Hex/Ice        0%         N/A       100%        2
 Wereblood                Tmut           0%         N/A       100%        2
 Call Canine Familiar     Summ           0%         N/A       100%        3
 Spider Form              Tmut/Pois      0%         N/A       100%        3
 Summon Guardian Golem    Hex/Summ       0%         N/A       100%        3
 Anguish                  Hex/Necr       0%         N/A       100%        4
 Manifold Assault         Tloc           4%         N/A       100%        4
 Dispersal                Tloc           2%         N/A       100%        6
 Disjunction              Tloc           2%         N/A       100%        8


Dungeon Overview and Level Annotations

Branches:
Dungeon (9/15)             Temple (1/1) D:7             Orc (0/2) D:9
   Lair: D:8-11

Altars:
Dithmenos
Elyvilon
Fedhas
Kikubaaqudgha
Makhleb
Nemelex Xobeh
Okawaru
Qazlal
Sif Muna
Trog
Vehumet
Zin

Shops:
D:4 =


Innate Abilities, Weirdness & Mutations

You have a pair of horns on your head.
You reflexively headbutt those who attack you in melee.


Message History

The kobold brigand is no longer covered in acid.
You slash the kobold brigand!
The kobold brigand hits you with a +0 whip.
* * * LOW HITPOINT WARNING * * *
You barely miss the kobold brigand. You slash the kobold brigand!
You kill the kobold brigand!
Makhleb accepts your kill.
You feel better.
Your Translocations skill increases to level 3!
You slash the kobold brigand!
You kill the kobold brigand!
Makhleb accepts your kill.
You feel better.
The orc warrior hits you with a +0 short sword.
* * * LOW HITPOINT WARNING * * *
Items here: (( )))))) [[ ††††.
You completely miss the orc warrior.
The orc warrior hits you but does no damage.
You slash the orc warrior! Your headbutt misses the orc warrior.
You barely miss the orc warrior.
The orc warrior hits you but does no damage.
You slash the orc warrior!
The orc warrior hits you but does no damage.
You closely miss the orc warrior. Your headbutt misses the orc warrior.
The orc warrior hits you but does no damage.
Unknown command.
You slash the orc warrior!
You kill the orc warrior!
Makhleb accepts your kill.
Unknown command.
There are monsters nearby!
You feel a little less clever now.
You feel a strong urge to attack something.
You are no longer berserk.
You are exhausted.
You feel yourself slow down. The troll bites you but does no damage.
The troll claws you!
* * * LOW HITPOINT WARNING * * *
The troll claws you.
* * * LOW HITPOINT WARNING * * *
Items here: (( )))))) [[ ††††.
As you read the scroll of teleportation {@r4}, it crumbles to dust.
You feel strangely unstable. The troll barely misses you.
You furiously retaliate!
You headbutt the troll. The troll claws you!
* * * LOW HITPOINT WARNING * * *
The troll claws you.
* * * LOW HITPOINT WARNING * * *
You feel better. The troll bites you!
You die... ..... ##..### ....###.....### #..#........## #...........## ##............# #.............## #..............# #######.#.........# #8oKK

#@#.........#
#og.o.#T#.........#
#Too..oK#.........######
#KKo.K#.#.....?.........
#8KK.8#.#.........######
##### #.#.........#
#.#........##
#..>##....## ##.# ##.###


You could see a troll, 2 kobold brigands and an orc.

Vanquished Creatures
  A boulder beetle (D:8)
  Pikel (D:6)
  A hornet (D:7)
  7 yaks
  A water moccasin (D:8)
  Edmund (D:5)
  4 orc warriors
  3 sky beasts
  An ice beast (D:6)
  4 ogres
  2 phantoms
  8 kobold brigands
  2 bullfrogs
  A gnoll sergeant (D:9)
  8 wights
  3 killer bees (D:8)
  A howler monkey (D:4)
  4 orc priests
  2 hounds
  A gnoll bouda (D:7)
  2 jellies
  2 iguanas
  A sleepcap (D:6)
  7 orc wizards
  10 gnolls
  8 adders
  A shadow imp (D:5)
  2 ufetubi
  2 worms (D:2)
  2 dart slugs
  20 orcs
  11 ball pythons
  5 endoplasms
  5 giant cockroaches
  3 goblins
  8 hobgoblins
  4 quokkas
  7 bats
  5 frilled lizards
  26 kobolds
  4 rats
191 creatures vanquished.

Vanquished Creatures (others)
  A human (D:4)
1 creature vanquished.

Grand Total: 192 creatures vanquished

Notes
Turn   | Place    | Note
-------+----------+-------------------------------------------
     0 | D:1      | Pooter the Minotaur Fighter began the quest for the Orb.
     0 | D:1      | Reached XP level 1. HP: 19/19 MP: 0/0
   313 | D:1      | Reached XP level 2. HP: 27/27 MP: 1/1
   337 | D:1      | Reached skill level 3 in Axes
   887 | D:2      | Reached XP level 3. HP: 33/33 MP: 2/2
  1660 | D:3      | Found a radiant altar of Vehumet.
  1697 | D:3      | Reached XP level 4. HP: 40/40 MP: 3/3
  2018 | D:3      | Reached skill level 4 in Axes
  2096 | D:3      | Found a stormy altar of Qazlal.
  2297 | D:3      | Noticed a shining eye
  2299 | D:3      | Found a faded altar of an unknown god.
  2300 | D:3      | Noticed a great orb of eyes
  2300 | D:3      | Noticed a shining eye
  2300 | D:3      | Noticed an eye of devastation
  2553 | D:3      | Reached XP level 5. HP: 14/47 MP: 4/4
  2675 | D:3      | Found the +7 staff of the Meek {protect, meekguard}
  2834 | D:3      | Found a sparkling altar of Nemelex Xobeh.
  2905 | D:4      | Found Naocvot's Jewellery Shoppe.
  3056 | D:4      | Noticed a phantom
  3066 | D:4      | Killed a phantom
  3067 | D:4      | Reached skill level 5 in Axes
  3067 | D:4      | Reached XP level 6. HP: 47/55 MP: 5/5
  3188 | D:4      | You are sucked into a shaft and drop 3 floors!
  3198 | D:7      | Found a staircase to the Ecumenical Temple.
  3210 | Temple   | Entered the Ecumenical Temple
  3222 | Temple   | Became a worshipper of Makhleb the Destroyer
  3243 | D:7      | Noticed a sky beast
  3249 | Temple   | Reached skill level 5 in Fighting
  3249 | Temple   | Reached skill level 5 in Armour
  3249 | Temple   | Reached skill level 5 in Shields
  3561 | Temple   | Killed a sky beast
  3562 | Temple   | Reached skill level 6 in Axes
  3562 | Temple   | Reached XP level 7. HP: 17/61 MP: 6/6
  3843 | D:7      | Found a shadowy altar of Dithmenos.
  4029 | D:7      | Reached skill level 1 in Ranged Weapons
  4204 | D:5      | Entered Level 5 of the Dungeon
  4217 | D:5      | Reached * piety under Makhleb
  4218 | D:5      | Reached skill level 7 in Axes
  4218 | D:5      | Reached skill level 1 in Invocations
  4218 | D:5      | Reached skill level 1 in Evocations
  4220 | D:5      | Reached XP level 8. HP: 60/70 MP: 6/8
  4360 | D:4      | Bought a ring of see invisible for 165 gold pieces
  4376 | D:4      | Found a shimmering blue altar of Sif Muna.
  4685 | D:4      | Found an ancient bone altar of Kikubaaqudgha.
  4744 | D:5      | Noticed Edmund
  4765 | D:5      | Killed Edmund
  4920 | D:5      | Identified the +6 rapier of Causality {pain, *Noise rElec
                  | rN+ Str+3}
  4938 | D:5      | Learned a level 1 spell: Apportation
  5463 | D:6      | Reached skill level 8 in Axes
  5552 | D:6      | Found an iron altar of Okawaru.
  5589 | D:6      | Identified the +1 plate armour of the Moneychanger {rF+
                  | Str+6 Int-4 Dex-2}
  5839 | D:6      | Noticed Pikel
  5850 | D:6      | Killed Pikel
  5851 | D:6      | Reached skill level 1 in Translocations
  5851 | D:6      | Reached XP level 9. HP: 63/78 MP: 8/10
  6061 | D:6      | Reached skill level 5 in Ranged Weapons
  6525 | D:7      | Reached skill level 9 in Axes
  6766 | D:8      | Reached ** piety under Makhleb
  7079 | D:8      | Reached XP level 10. HP: 86/86 MP: 12/12
  7781 | D:8      | Reached skill level 10 in Axes
  8158 | D:8      | Noticed a boulder beetle
  8179 | D:8      | Killed a boulder beetle
  8659 | D:9      | Found a staircase to the Orcish Mines.
  8720 | D:9      | Slain by a troll

Illustrated notes

Levels and vault maps discovered:
D:1:      onia_arrival_pyramid, layout_basic
D:2:      layout_basic, minmay_misc_feat_columns, minivault_23
D:3:      layout_basic, mainiacjoe_overflow_boulevard, minitemple,
          hellmonk_ecumenical_altar_watching_god, pf_guarded_unrand_meek
D:4:      layout_loops_ring, tgw_kikubaaqudgha, nicolae_sif_muna_condensation,
          serial_shops, nicolae_shop_waterfront
D:5:      layout_rooms, uniq_edmund
D:6:      layout_basic, mainiacjoe_overflow_brackets, uniq_pikel
D:7:      layout_basic, mainiacjoe_overflow_tiny_flanked,
          minmay_temple_entry_ruins
D:8:      layout_basic
D:9:      layout_cave_pods, eat_drink_and_be_merry_uskayaw,
          kennysheep_orc_monster_closet_entryway,
          hangedman_abyss_or_decor_jellyfish_corner,
          minmay_statue_crystal_thing, uniq_erica
Temple:   compressed_dpeg_circular_temple

Skill      XL: |  1  2  3  4  5  6  7  8  9 10 |
---------------+-------------------------------+-----
Axes           | 3 4 5 6 7 8 9 10 | 10.6
Armour         | 4 5 |  5.6
Fighting       | 4 5 6 7 8 |  8.1
Shields        | 4 5 |  5.5
Ranged Weapons | 2 4 6 7 |  7.5
Invocations    | 1 3 4 |  4.7
Evocations     | 1 2 3 4 |  4.1
Translocations | 1 2 3 |  3.0
Transmutations | |  0.3

Action                     |  1- 3 |  4- 6 |  7- 9 | 10-12 || total
---------------------------+-------+-------+-------+-------++-------
  Melee: War axe           |    73 |   131 |   238 |    73 ||   515
         Headbutt          |    10 |    20 |    48 |    16 ||    94
         Rapier            |       |       |    17 |       ||    17
         Punch             |       |       |       |     1 ||     1
   Fire: Sling             |       |       |    52 |       ||    52
         Arbalest          |       |       |     5 |    36 ||    41
  Throw: Stone             |       |    13 |       |       ||    13
         Dart              |       |       |     8 |       ||     8
         Boomerang         |       |       |     3 |       ||     3
         Throwing net      |       |       |     1 |       ||     1
 Invoke: Minor Destruction |       |       |       |     3 ||     3
    Use: Scroll            |     3 |     1 |       |    14 ||    18
         Potion            |       |     1 |       |    10 ||    11
 Armour: Scale mail        |    25 |       |       |       ||    25
         Chain mail        |     4 |    86 |    91 |       ||   181
         Plate armour      |       |       |    64 |    45 ||   109
         Skin              |       |       |       |    12 ||    12
  Dodge: Dodged            |    40 |    31 |    71 |    22 ||   164
  Block: Buckler           |    16 |    26 |    57 |       ||    99

Table legend: (Time is in decaauts)
 A = Elapsed time spent in this place.
 B = Non-inter-level travel time spent in this place.
 C = Inter-level travel time spent in this place.
 D = Time resting spent in this place.
 E = Time spent auto-exploring this place.
 F = Levels seen in this place.
 G = Mean time per level.
                   A        B        C        D        E       F      G
               +--------+--------+--------+--------+--------+-----+--------+
         Total |   8878 |   8701 |    177 |   2211 |   4663 |  10 |  887.8 |
       Dungeon |   8288 |   8111 |    177 |   1698 |   4663 |   9 |  920.9 |
        Temple |    590 |    590 |      0 |    513 |      0 |   1 |  590.0 |
               +--------+--------+--------+--------+--------+-----+--------+

Top non-repeatable levels by time:
     D:8: 1994 daAuts
     D:3: 1233 daAuts
     D:7: 879 daAuts
     D:1: 846 daAuts
     D:2: 838 daAuts
     D:6: 820 daAuts
     D:5: 768 daAuts
     D:4: 765 daAuts
  Temple: 590 daAuts
     D:9: 140 daAuts
